 Dungeon Crawl Stone Soup version 0.26-a0-639-g72c4674329 (webtiles) character file.

Game seed: 3185557217919015852

1432 Flugslaktarn the Skirmisher (level 8, -3/74 HPs)
             Began as a Minotaur Fighter on Sept 22, 2020.
             Was a Follower of Uskayaw.
             Slain by a water moccasin (7 damage)
             ... on level 6 of the Dungeon.
             The game lasted 00:02:08 (4577 turns).

Flugslaktarn the Skirmisher (Minotaur Fighter)      Turns: 4577, Time: 00:02:08

Health: -3/74      AC: 12    Str: 19 (22) XL:     8   Next: 45%
Magic:  8/8        EV:  4    Int:  3 (6)  God:    Uskayaw [*.....]
Gold:   257        SH: 11    Dex:  9 (10) Spells: 7/7 levels left

rFire    . . .     SeeInvis .   a - +0 war axe
rCold    . . .     Faith    .   c - +1 kite shield
rNeg     . . .     Spirit   .   e - +0 plate armour
rPois    .         Reflect  .   (helmet restricted)
rElec    .         Harm     .   (no cloak)
rCorr    .         Rampage  .   (no gloves)
MR       +....                  (no boots)
Stlth    ..........             l - amulet of inaccuracy (curse)
HPRegen  0.22/turn              m - ring of protection from magic
MPRegen  0.11/turn              (no ring)

@: lethally poisoned (-3 -> -21)
A: retaliatory headbutt, horns 2
a: Stomp, Renounce Religion


You were on level 6 of the Dungeon.
You worshipped Uskayaw.
Uskayaw was noncommittal.
You visited 1 branch of the dungeon, and saw 6 of its levels.

You collected 257 gold pieces.

Inventory:

Hand Weapons
 a - a +0 war axe (weapon)
Armour
 c - a +1 kite shield (worn)
 e - a +0 plate armour (worn)
   (You took it off an orc warrior on level 6 of the Dungeon)
Jewellery
 b - an uncursed amulet of reflection {unknown}
   (You found it on level 6 of the Dungeon)
 l - a cursed amulet of inaccuracy (around neck)
   (You found it on level 5 of the Dungeon)
 m - a ring of protection from magic (left hand)
   (You found it on level 6 of the Dungeon)
Scrolls
 i - a scroll of amnesia
 r - a scroll of identify
 t - 2 scrolls of teleportation
Potions
 d - a potion of might
 f - a potion of degeneration
 g - a potion of magic
 q - 2 potions of curing


   Skills:
 * Level 7.9 Fighting
 * Level 7.4 Axes
 + Level 6.1 Armour
 + Level 6.1 Shields
 + Level 2.0 Invocations


You had 7 spell levels left.
You didn't know any spells.
Your spell library was empty.

Dungeon Overview and Level Annotations

Branches:
Dungeon (6/15)             Temple (0/1) D:6

Altars:
Elyvilon
Nemelex Xobeh
Sif Muna
Uskayaw
Vehumet
Wu Jian


Innate Abilities, Weirdness & Mutations

You reflexively headbutt those who attack you in melee.
You have a pair of horns on your head.


Message History

* * * LOW HITPOINT WARNING * * *
You are more poisoned.
The water moccasin poisons you!
You barely miss the water moccasin.
Your headbutt misses the water moccasin.
The water moccasin is severely wounded.
* * * LOW HITPOINT WARNING * * *
You feel sick. You block the water moccasin's attack.
You miss the water moccasin.
The water moccasin is severely wounded.
* * * LOW HITPOINT WARNING * * *
You feel very sick.
The water moccasin bites you but does no damage.
You block the water moccasin's attack.
You hit the water moccasin.
The water moccasin is severely wounded.
* * * LOW HITPOINT WARNING * * *
You feel very sick. You block the water moccasin's attack.
The water moccasin bites you!
You die...

######+#+####....#
####. #.........#
##
##........#.≈≈≈≈.#
#.###....#.≈≈≈≈.#
# ####.#.≈≈≈≈.#
#.#.≈≈≈≈.#
#.#.≈S≈≈.#
#.#.≈;≈≈.#
#@#......# #S###'#
#.....# #######


You could see a water moccasin.

Vanquished Creatures
  Eustachio (D:6)
  An orc warrior (D:6)
  2 sky beasts
  3 phantoms
  A bullfrog (D:6)
  2 scorpions
  A centaur zombie (D:5)
  An orc priest (D:4)
  A bullfrog skeleton (D:4)
  A bullfrog zombie (D:6)
  2 hounds
  2 jellies (D:6)
  4 orc wizards (D:4)
  An iguana (D:6)
  3 worker ants
  4 gnolls (D:6)
  4 adders
  A shadow imp (D:6)
  An ufetubus (D:6)
  A worm (D:4)
  2 leopard geckos
  17 orcs
  3 goblins
  A hobgoblin (D:1)
  2 jackals (D:1)
  2 quokkas
  5 bats
  4 frilled lizards
  A kobold (D:2)
  A quokka skeleton (D:4)
  3 rats
78 creatures vanquished.

Notes
Turn   | Place    | Note
-------+----------+-------------------------------------------
     0 | D:1      | Flugslaktarn the Minotaur Fighter began the quest for the
                  | Orb.
     0 | D:1      | Reached XP level 1. HP: 19/19 MP: 0/0
    48 | D:1      | Reached XP level 2. HP: 13/27 MP: 1/1
   443 | D:3      | Reached XP level 3. HP: 30/33 MP: 2/2
   471 | D:4      | Noticed a phantom
   474 | D:4      | Noticed a scorpion
   480 | D:4      | Killed a scorpion
   480 | D:4      | Reached XP level 4. HP: 41/41 MP: 3/3
   514 | D:4      | Found a white marble altar of Elyvilon.
   517 | D:4      | Killed a phantom
   517 | D:4      | Reached skill level 5 in Fighting
   517 | D:4      | Reached XP level 5. HP: 38/48 MP: 4/4
   738 | D:4      | Reached XP level 6. HP: 38/56 MP: 5/5
   926 | D:4      | Reached skill level 5 in Axes
  1061 | D:4      | Noticed a sky beast
  1069 | D:4      | Killed a sky beast
  1069 | D:4      | Reached skill level 5 in Armour
  1069 | D:4      | Reached skill level 5 in Shields
  1069 | D:4      | Reached XP level 7. HP: 43/63 MP: 6/6
  1491 | D:5      | Entered Level 5 of the Dungeon
  1538 | D:5      | Found a sparkling altar of Nemelex Xobeh.
  1538 | D:5      | Found a shimmering blue altar of Sif Muna.
  1543 | D:5      | Found an ornate altar of the Wu Jian Council.
  1543 | D:5      | Found a radiant altar of Vehumet.
  2584 | D:6      | Found a hide-covered altar of Uskayaw.
  2667 | D:6      | Became a worshipper of Uskayaw the Reveler
  2766 | D:6      | Reached * piety under Uskayaw
  2779 | D:6      | Reached ** piety under Uskayaw
  3088 | D:6      | Found a staircase to the Ecumenical Temple.
  3230 | D:6      | Reached skill level 1 in Invocations
  3230 | D:6      | Reached XP level 8. HP: 57/73 MP: 7/7
  3234 | D:6      | Reached *** piety under Uskayaw
  3917 | D:6      | Noticed Eustachio
  3931 | D:6      | Killed Eustachio
  3955 | D:6      | HP: 4/111 [orc warrior/+0 scimitar (12)]
  4577 | D:6      | Slain by a water moccasin

Illustrated notes

Levels and vault maps discovered:
D:1:      mainiacjoe_arrival_reflecting_pool, layout_basic
D:2:      layout_basic, grunt_ministairs_15
D:3:      layout_rooms, portal_sewer_entry_d
D:4:      layout_cave_pools, elyvilon_altar_4
D:5:      layout_gridville, grunt_temple_overflow_open
D:6:      layout_basic, lemuel_doored_altar,
          minmay_temple_entry_statues_fountains, nrook_pool_corridor,
          uniq_eustachio

Skill      XL: |  1  2  3  4  5  6  7  8 |
---------------+-------------------------+-----
Axes           | 3 4 5 6 7 |  7.4
Fighting       | 4 5 6 7 |  7.9
Armour         | 4 5 6 |  6.1
Shields        | 4 5 6 |  6.1
Invocations    | 1 2 |  2.0

Action                   |  1- 3 |  4- 6 |  7- 9 || total
-------------------------+-------+-------+-------++-------
Melee: War axe           |    64 |    81 |   240 ||   385
       Headbutt          |     6 |    22 |    33 ||    61
Invok: Stomp             |       |       |     1 ||     1
  Use: Scroll            |       |       |     5 ||     5
       Potion            |       |       |     4 ||     4
 Stab: Paralysed         |       |       |     3 ||     3
Armor: Scale mail        |    33 |    36 |    93 ||   162
       Plate armour      |       |       |    12 ||    12
       Skin              |       |       |     5 ||     5
Dodge: Dodged            |    14 |    28 |    73 ||   115
Block: Kite shield       |    43 |    39 |   160 ||   242

Table legend: (Time is in decaauts)
 A = Elapsed time spent in this place.
 B = Non-inter-level travel time spent in this place.
 C = Inter-level travel time spent in this place.
 D = Time resting spent in this place.
 E = Time spent auto-exploring this place.
 F = Levels seen in this place.
 G = Mean time per level.
                   A        B        C        D        E       F      G
               +--------+--------+--------+--------+--------+-----+--------+
         Total |   4706 |   4594 |    112 |    538 |   3272 |   6 |  784.3 |
       Dungeon |   4706 |   4594 |    112 |    538 |   3272 |   6 |  784.3 |
               +--------+--------+--------+--------+--------+-----+--------+

Top non-repeatable levels by time:
     D:6: 2265 daAuts
     D:4: 1091 daAuts
     D:5: 871 daAuts
     D:1: 297 daAuts
     D:2: 124 daAuts
     D:3: 56 daAuts
